Zazza, neutral female human Tourist ----- |...| |..@)# |...|# -----# # ----|---- ### |.[...... # |..<....| ##-........ --------- Zazza the Sightseer Experience level: 4 Strength: 11 Dexterity: 15 Constitution: 15 Intelligence: 11 Wisdom: 9 Charisma: 18 Health: 0(36) Energy: 10(10) Def: 9 Gold: 205 Moves: 4110 Dungeon seed: JyHqU-QloouPIvI1 Game ID: Zazza_1599407533 Your Inventory: Coins $ - 205 gold pieces Weapons a - 25 +2 darts (in quiver) r - a +0 orcish dagger t - a +0 dagger (weapon in hand) u - a cursed -1 dagger C - a +0 long sword D - a +1 dagger E - 4 +0 shuriken F - a +0 sling I - a cursed +0 orcish dagger Armor e - an uncursed +0 Hawaiian shirt v - an uncursed +0 elven mithril-coat (being worn) w - a cursed -2 pair of gauntlets of fumbling x - an uncursed +0 pair of jumping boots (being worn) y - an uncursed +0 oilskin cloak z - an uncursed +0 cloak of protection A - a blessed +1 elven cloak B - an uncursed +0 cloak of protection J - an uncursed +0 helmet (being worn) K - an uncursed +0 cloak of protection (being worn) L - a cursed -1 pair of jumping boots M - a cursed -1 Hawaiian shirt (being worn) N - a cursed -1 pair of gauntlets of fumbling Y - an uncursed +0 pair of jumping boots Comestibles c - 2 uncursed tripe rations f - 4 uncursed food rations g - 2 uncursed eggs G - an uncursed slime mold H - an uncursed partly eaten food ration Scrolls b - an uncursed scroll of earth d - a blessed scroll of earth j - an uncursed scroll of create monster s - a cursed scroll of light P - an uncursed scroll of identify Spellbooks o - an uncursed spellbook of extra healing p - an uncursed spellbook of blank paper Potions l - an uncursed potion of water U - an uncursed potion of oil Rings X - an uncursed ring of conflict Wands Z - a wand of striking (0:4) Tools k - a cursed figurine of a giant bat m - an expensive camera (0:89) n - an uncursed credit card T - a magic marker (0:74) Gems q - an uncursed garnet stone Spells and supernatural/magical abilities: Name Level Category Fail Memory x - extra healing 3 healing 100% 99% W - pray for help -- divine ? -- Y - supernatural jump -- ability ? -- Your skills at the end: Fighting Skills Weapon Skills dagger [Basic] dart [Basic] Spellcasting Skills Final Attributes: You had transgressed. You were telepathic. You could jump. You were protected. You are dead. Vanquished creatures: a rock mole a gnome lord a little dog a floating eye a giant bat a monkey a wererat an iguana 4 coyotes a hobgoblin 2 giant rats a yellow mold a green mold 8 garter snakes 7 jackals 5 foxes a goblin a sewer rat 5 grid bugs 2 lichens a kobold zombie 9 newts 56 creatures vanquished. Voluntary challenges: You used a wielded weapon 32 times, starting on turn 1011. You read items or engraved 48 times, starting on turn 40. You never genocided any monsters. You never polymorphed an object. You never changed form. You used no wishes. You never split a pudding. You wrote Elbereth's name 24 times, starting on turn 1728. You violated your moral code, losing 40 points of alignment, starting on turn 3167. Dungeon overview: The Dungeons of Doom: levels 1 to 9 Level 1 a long staircase Level 2 an armor shop Level 3 an armor shop, a fountain Level 4 a sink stairs to The Gnomish Mines Level 5 Level 6 a fountain stairs to Sokoban Level 7 Level 8 Level 9 <- You were here The Gnomish Mines: Level 5 stairs to The Dungeons of Doom Sokoban: Level 5 stairs to The Dungeons of Doom History has recorded: On T:1 you entered the Dungeons of Doom to retrieve the Amulet of Yendor! On T:482 you reached level 2 of The Dungeons of Doom. On T:1477 you reached level 3 of The Dungeons of Doom. On T:1852 you reached level 4 of The Dungeons of Doom. On T:2035 you reached level 1 of The Gnomish Mines. On T:2131 you reached level 5 of The Dungeons of Doom. On T:2454 you reached level 6 of The Dungeons of Doom. On T:2472 you reached level 7 of The Dungeons of Doom. On T:2539 you reached level 4 of Sokoban. On T:2945 you advanced to experience level 2. On T:3073 you advanced to experience level 3. On T:3255 you advanced to experience level 4. On T:3867 you reached level 8 of The Dungeons of Doom. On T:4028 you reached level 9 of The Dungeons of Doom. Score breakdown: Gold: 96 ( 6758 points) Experience: 4 levels ( 9649 points) Exploration: 9 levels ( 18.00%) (12121 points) Discoveries: 10 items ( 3.36%) ( 5495 points) Valuables value: (no points given unless you survive) Artifact value: 0 ( 0 points) Variety of kills: 22 monsters ( 5.77%) ( 7208 points) Turncount: 4110 turns (-1065 points) Survival: died (score multiplied by 80%) Total score: 32132 Latest messages: The bugbear hits! You hit the bugbear. The bugbear hits! You see here a partly eaten hobgoblin corpse. You write in the dust with your fingers. The bugbear turns to flee! The dart hits it. The bugbear hits! Something is written here in the dust. You read: "Elbc???h". You see here a partly eaten hobgoblin corpse. The dart hits it. The dart misses. You are hit by a dart! You die... Final status: Aloha Zazza the Tourist, killed by a dart... You died in The Dungeons of Doom on dungeon level 9 with 32132 points, and 205 pieces of gold, after 4110 moves. You were level 4 with a maximum of 36 hit points when you died.